 Dungeon Crawl Stone Soup version 0.27.0-1-g7a089689b8 (webtiles) character file.

Game seed: 7586781838691129485

26062 SnakkuSnakku7 the Severer (level 12, -3/101 HPs)
             Began as a Minotaur Berserker on Aug 11, 2021.
             Was a High Priest of Trog.
             Slain by a large abomination (26 damage)
             ... on level 2 of the Abyss.
             The game lasted 00:15:28 (10812 turns).

SnakkuSnakku7 the Severer (Minotaur Berserker)     Turns: 10812, Time: 00:15:29

Health: -3/101     AC: 15    Str: 23    XL:     12   Next: 95%
Magic:  20/20      EV: 10    Int:  4    God:    Trog [*****.]
Gold:   67         SH:  0    Dex: 14    Spells: 11/11 levels left

rFire    + . .     SeeInvis .   a - +9 battleaxe "Zygelauk" {vorpal, rF+ rN+ MP+9}
rCold    . . .     Faith    +   (shield currently unavailable)
rNeg     + . .     Spirit   .   E - +1 plate armour
rPois    .         Reflect  .   (helmet restricted)
rElec    .         Harm     .   (no cloak)
rCorr    +         Rampage  .   (no gloves)
Will     .....                  (no boots)
Stlth    ..........             g - amulet of faith
HPRegen  0.26/turn              o - +4 ring of slaying
MPRegen  0.17/turn              m - ring of resist corrosion

@: unable to read, on berserk cooldown, slowed, very slow
A: horns 2, retaliatory headbutt, claws 1, inability to read while threatened
a: Renounce Religion, Berserk, Trog's Hand, Brothers in Arms


You were on level 2 of the Abyss.
You worshipped Trog.
Trog was extremely pleased with you.
You visited 1 branch of the dungeon, and saw 13 of its levels.
You visited the Abyss 1 time.
You also visited: Trove.

You collected 1170 gold pieces.
You spent 1103 gold pieces at shops.

Inventory:

Hand Weapons
 a - the +9 battleaxe "Zygelauk" (weapon) {vorpal, rF+ rN+ MP+9}
   (You found it in a treasure trove)

   It inflicts extra damage upon your enemies.
   rF:        It protects you from fire.
   rN:        It protects you from negative energy.
   MP:        It affects your magic capacity (+9).
Missiles
 A - 3 throwing nets (quivered)
 G - 5 curare-tipped darts
Armour
 E - a +1 plate armour (worn)
Jewellery
 b - a ring of see invisible
 g - an amulet of faith (around neck)
 m - a ring of resist corrosion (right claw)
 o - a +4 ring of slaying (left claw)
 p - a ring of magical power
 q - an amulet of guardian spirit
 s - the amulet of Satyriasis {Regen+ Int-4 Dex+3 SInv}
   (You found it in a treasure trove)

   [amulet of regeneration]

   Int:       It affects your intelligence (-4).
   Dex:       It affects your dexterity (+3).
   SInv:      It lets you see invisible.
   Regen:     It increases your rate of health regeneration.
 H - a ring of ice
 N - a ring of protection from fire
 O - the ring "Rufumnecw" {rElec Will- Int+8 Dex+6 Stlth-}
   (You found it in a treasure trove)

   [ring of dexterity]

   Int:       It affects your intelligence (+8).
   Dex:       It affects your dexterity (+6).
   rElec:     It insulates you from electricity.
   Will:      It decreases your willpower.
   Stlth:     It makes you less stealthy.
 P - the ring of Yqehyrghe {Wiz Fly Will++ MP+9}
   (You found it in a treasure trove)

   [ring of wizardry]

   It improves your spell success rate.
   MP:        It affects your magic capacity (+9).
   Fly:       It grants you flight.
   Will:      It greatly increases your willpower.
Wands
 e - a wand of digging (4)
 h - a wand of acid (9)
 z - a wand of iceblast (2)
 I - a wand of polymorph (15)
 K - a wand of flame (16)
Scrolls
 k - 3 scrolls of vulnerability
 t - a scroll of blinking
 w - 2 scrolls of magic mapping
 x - a scroll of fear
 C - 3 scrolls of teleportation
 L - 5 scrolls of enchant armour
 M - 2 scrolls of fog
Potions
 c - 4 potions of resistance
 f - 4 potions of curing
 j - 2 potions of degeneration {unknown}
 l - a potion of cancellation
 r - 2 potions of lignification
 v - 6 potions of heal wounds {unknown}
 B - a potion of magic
 D - a potion of might
 F - 2 potions of haste


   Skills:
 - Level 8.0 Fighting
 - Level 20.1 Axes
 - Level 10.0 Armour
 + Level 8.0 Dodging


You had 11 spell levels left.
You didn't know any spells.
Your spell library was empty.

Dungeon Overview and Level Annotations

Branches:
Dungeon (13/15)            Temple (0/1) D:5            Lair (0/6) D:9
    Orc (0/2) D:10
 Vaults: D:13-14

Altars:
Ashenzari
Ru
Sif Muna
Zin

Shops:
D:3 ?   D:4 (   D:5 ?   D:7 (   D:10 [


Innate Abilities, Weirdness & Mutations

You have a pair of horns on your head.
You reflexively headbutt those who attack you in melee.
You have sharp fingernails.
You sometimes lose the ability to read scrolls when taking damage.


Message History

You feel threatened and lose the ability to read scrolls!
The wraith drains your vigour!
You feel as though you will be slow longer.
A chaos spawn comes into view.
The blink frog moves out of view.
The chaos spawn squeals angrily.
You slash the neqoxec!
You headbutt the neqoxec, but do no damage.
The neqoxec is moderately wounded.
You completely miss the wraith. You slash the large abomination!
You hear a hideous shriek!
The large abomination hits you! The neqoxec gestures at you.
Something tries to feed on your intellect!
The wraith hits you.
The large abomination closely misses you.
The blink frog gives a loud, deep croak!
You hit the neqoxec. Your headbutt misses the neqoxec.
The neqoxec is heavily wounded.
You slash the large abomination! You slash the wraith!
You hear a hideous shriek! x2
The neqoxec hits you. The wraith hits you but does no damage.
The blink frog blinks!
A white imp comes into view.
The large abomination hits you!!
* * * LOW HITPOINT WARNING * * *
The white imp shouts!
You slash the neqoxec!
You kill the neqoxec!
Trog accepts your kill.
You slash the large abomination! You slash the wraith!
You destroy the wraith!
Trog accepts your kill.
You hear a hideous shriek! x2
A flying skull comes into view.
The white imp gestures at you. The puff of frost hits you!
* * * LOW HITPOINT WARNING * * *
The large abomination hits you!!
You die...

z. ......?...
... ........
.... #......#
...4# ......#
....F......5
#...#...##
#.X....#
#..@...#####
##.##.##...#.#
#..###......#
#.
#........#..# .
.##.#.
.#..#.#...
.#.### .....# #
. ... ##.
##..## # . ##
... .
#...####... . .
#..##.#..#.....
.


You could see a large abomination, a blink frog, a chaos spawn, a flying skull
and a white imp.

Vanquished Creatures
  6 starcursed masses (Abyss:2)
  A hydra (D:13)
  3 two-headed ogres
  2 centaur warriors (D:13)
  A death knight (D:13)
  2 tengu warriors (D:12)
  2 skeletal warriors
  2 wizards (D:13)
  An ugly thing (D:13)
  2 manticores (D:11)
  2 cyclopes
  Joseph (D:9)
  2 kobold demonologists
  2 freezing wraiths
  3 trolls
  Prince Ribbit (D:5)
  5 slime creatures (D:12)
  2 shadows (D:10)
  2 wraiths
  A vampire (D:11)
  4 yaks (D:6)
  2 ynoxinuls (Abyss:2)
  A neqoxec (Abyss:2)
  14 humans (D:13)
  9 vampire mosquitoes
  Edmund (D:5)
  A chaos spawn (Abyss:2)
  A large abomination (Abyss:2)
  A two-headed ogre zombie (D:10)
  An acid dragon (D:8)
  An ice beast (D:5)
  7 orc warriors
  Duvessa (D:6)
  3 sky beasts
  An ogre (D:5)
  A black bear (D:9)
  A necrophage (D:4)
  10 centaurs
  3 phantoms
  2 small abominations (Abyss:2)
  3 bullfrogs
  A kobold brigand (D:9)
  A scorpion (D:4)
  Dowan (D:6)
  2 troll zombies (D:10)
  5 killer bees (D:9)
  9 wights
  4 howler monkeys
  4 jellies
  6 centaur zombies
  7 orc priests
  3 hounds
  An iron imp (Abyss:2)
  A gnoll shaman (D:6)
  A centaur skeleton (D:7)
  A scorpion zombie (D:5)
  11 orc wizards
  5 ogre zombies (D:10)
  2 howler monkey zombies
  7 adders
  10 gnolls
  3 shadow imps
  A white imp (D:6)
  3 worms
  4 dart slugs
  39 orcs
  6 ball pythons
  7 endoplasms
  8 giant cockroaches
  12 goblins
  6 hobgoblins
  14 jackals
  9 kobolds
  5 quokkas
  3 training dummies (D:7)
  10 bats
  4 frilled lizards (D:2)
  6 goblin zombies (D:10)
  A hobgoblin skeleton (D:10)
  3 hobgoblin zombies (D:10)
  4 orc skeletons (D:10)
  11 orc zombies (D:10)
  12 rats
364 creatures vanquished.

Vanquished Creatures (others)
  14 fungi (D:9)
  13 plants
  11 withered plants (D:1)
38 creatures vanquished.

Grand Total: 402 creatures vanquished

Notes
Turn   | Place    | Note
-------+----------+-------------------------------------------
     0 | D:1      | SnakkuSnakku7 the Minotaur Berserker began the quest for
                  | the Orb.
     0 | D:1      | Reached XP level 1. HP: 19/19 MP: 0/0
     1 | D:1      | Found a runed translucent door.
    15 | D:1      | Reached skill level 4 in Axes
    18 | D:1      | Reached XP level 2. HP: 27/27 MP: 1/1
    60 | D:1      | Reached XP level 3. HP: 13/34 MP: 2/2
    67 | D:1      | Reached ** piety under Trog
   699 | D:1      | Found a faded altar of an unknown god.
  1324 | D:2      | Reached skill level 5 in Fighting
  1324 | D:2      | Reached skill level 5 in Axes
  1324 | D:2      | Reached XP level 4. HP: 39/42 MP: 3/3
  1557 | D:2      | Reached *** piety under Trog
  1567 | D:2      | Reached XP level 5. HP: 41/48 MP: 4/4
  1986 | D:3      | Found Ecogyv's Magic Scroll Shoppe.
  1990 | D:3      | Bought a scroll of noise for 14 gold pieces
  1990 | D:3      | Bought a scroll of fear for 49 gold pieces
  2052 | D:3      | Noticed a phantom
  2057 | D:3      | Killed a phantom
  2058 | D:3      | Reached skill level 6 in Axes
  2378 | D:3      | Found a shimmering blue altar of Sif Muna.
  2487 | D:4      | Found Joth's Weapon Emporium.
  2493 | D:4      | Reached XP level 6. HP: 51/58 MP: 5/5
  2694 | D:4      | Found a glowing silver altar of Zin.
  2784 | D:4      | Reached skill level 7 in Axes
  2891 | D:5      | Entered Level 5 of the Dungeon
  2926 | D:5      | Reached XP level 7. HP: 38/66 MP: 6/6
  2926 | D:5      | Reached **** piety under Trog
  3146 | D:5      | Noticed Prince Ribbit
  3157 | D:5      | Killed Prince Ribbit
  3224 | D:5      | Found a staircase to the Ecumenical Temple.
  3409 | D:5      | Reached skill level 8 in Axes
  3628 | D:5      | Reached skill level 9 in Axes
  3767 | D:5      | Noticed Edmund
  3772 | D:5      | Killed Edmund
  3773 | D:5      | Reached XP level 8. HP: 74/74 MP: 7/7
  3803 | D:5      | Found Roereigi's Magic Scroll Shoppe.
  3848 | D:6      | Reached skill level 10 in Axes
  3884 | D:6      | Noticed Duvessa
  3887 | D:6      | Noticed Dowan
  3902 | D:6      | Killed Duvessa
  3911 | D:6      | Killed Dowan
  3961 | D:6      | Reached skill level 11 in Axes
  4086 | D:6      | Reached skill level 12 in Axes
  4086 | D:6      | Reached XP level 9. HP: 81/81 MP: 8/8
  4087 | D:6      | Reached skill level 5 in Armour
  4402 | D:7      | Found a sacrificial altar of Ru.
  4403 | D:7      | Found a broken altar of Ashenzari.
  4549 | D:7      | Found Gefydd's Firing Range.
  5120 | D:8      | Reached ***** piety under Trog
  5337 | D:8      | Reached skill level 13 in Axes
  5843 | D:9      | Received a gift from Trog
  5872 | D:9      | Reached XP level 10. HP: 30/88 MP: 9/9
  6279 | D:9      | Identified the amulet of Empum {Reflect rC- Str+7 Int-4
                  | SH+5}
  6315 | D:9      | Noticed Joseph
  6326 | D:9      | Killed Joseph
  6486 | D:9      | Found a staircase to the Lair.
  6535 | D:10     | Entered Level 10 of the Dungeon
  6561 | D:10     | Reached skill level 14 in Axes
  6579 | D:10     | Noticed a two-headed ogre
  6587 | D:10     | Killed a two-headed ogre
  6588 | D:10     | Reached skill level 10 in Armour
  6694 | D:10     | Found Miwk's Antique Armour Boutique.
  6694 | D:10     | Noticed a two-headed ogre
  6701 | D:10     | Killed a two-headed ogre
  6826 | D:10     | Reached skill level 15 in Axes
  6879 | D:10     | Found a staircase to the Orcish Mines.
  6896 | D:10     | Received a gift from Trog
  7197 | D:11     | Reached XP level 11. HP: 94/94 MP: 10/10
  7270 | D:11     | Reached skill level 16 in Axes
  7815 | D:11     | Reached skill level 17 in Axes
  7858 | D:11     | Noticed an ettin
  8060 | D:12     | Found a portal to a secret trove of treasure.
  8134 | D:12     | Noticed a tengu warrior
  8176 | D:12     | Killed a tengu warrior
  8376 | D:12     | Noticed a two-headed ogre
  8380 | D:12     | Killed a two-headed ogre
  8381 | D:12     | Reached skill level 18 in Axes
  8388 | D:12     | Noticed a tengu warrior
  8397 | D:12     | Killed a tengu warrior
  8813 | D:13     | Noticed a brown ugly thing
  8817 | D:13     | Reached XP level 12. HP: 101/101 MP: 11/11
  8855 | D:13     | Noticed a centaur warrior
  8866 | D:13     | Killed a centaur warrior
  8867 | D:13     | Reached skill level 19 in Axes
  8893 | D:13     | Noticed a five-headed hydra
  8900 | D:13     | Killed a seven-headed hydra
  8913 | D:13     | Noticed a centaur warrior
  8924 | D:13     | Killed a centaur warrior
  8924 | D:13     | Reached ****** piety under Trog
  8927 | D:13     | Noticed a death knight
  9956 | D:13     | Killed a death knight
  9957 | D:13     | Reached skill level 20 in Axes
 10028 | D:13     | Received a gift from Trog
 10233 | D:4      | Bought the +10 battleaxe "Luaman" {flame, Will+} for 1040
                  | gold pieces
 10403 | D:12     | You paid a toll of the battleaxe "Luaman" to enter a
                  | treasure trove
 10404 | Trove    | Entered a treasure trove
 10436 | Trove    | Identified the +9 battleaxe "Zygelauk" {vorpal, rF+ rN+
                  | MP+9}
 10459 | Trove    | Identified the amulet of Satyriasis {Regen+ Int-4 Dex+3
                  | SInv}
 10463 | Trove    | Identified the ring "Rufumnecw" {rElec Will- Int+8 Dex+6
                  | Stlth-}
 10465 | Trove    | Identified the ring of Yqehyrghe {Wiz Fly Will++ MP+9}
 10603 | D:13     | Noticed a vault guard
 10612 | D:13     | Reached skill level 5 in Dodging
 10621 | D:13     | Cast into level 2 of the Abyss (a wizard)
 10715 | Abyss:2  | Noticed a starcursed mass
 10731 | Abyss:2  | Killed a starcursed mass
 10762 | Abyss:2  | Noticed a starcursed mass
 10804 | Abyss:2  | Gained mutation: You have sharp fingernails. [a neqoxec]
 10805 | Abyss:2  | Gained mutation: You sometimes lose the ability to read
                  | scrolls when taking damage. [a neqoxec]
 10812 | Abyss:2  | Slain by a large abomination

Illustrated notes

Levels and vault maps discovered:
D:1:      dpeg_arrival_caged_fury, layout_basic,
          shapermc_ecumenical_altar_flowoftime, bh_walls_and_bars
D:2:      layout_loops_ring, supply_closet_lemuel, grunt_ministairs_8,
          minmay_strange_pillars, minmay_joined_circles
D:3:      layout_loops_cross, mainiacjoe_overflow_surrounded_room, serial_shops,
          nicolae_diamond_shop, minmay_hedge_maze
D:4:      layout_rooms, mainiacjoe_overflow_small_starburst, serial_shops,
          nicolae_stop_n_shop_2, serial_park_tiny_pond
D:5:      layout_basic, minmay_temple_entry_butterflies, serial_shops,
          kennysheep_little_box, kennysheep_generic_room_3, uniq_prince_ribbit1,
          uniq_edmund
D:6:      layout_cave_pools, uniq_duvessa
D:7:      layout_basic, mainiacjoe_overflow_divided_tiny,
          nicolae_shop_firing_range
D:8:      layout_basic
D:9:      layout_cave_pools, grunt_lair_entry_orc_guard_hut, uniq_joseph
D:10:     layout_roguey, zombieorc2_lemuel, serial_shops, nicolae_square_shop
D:11:     layout_basic, kennysheep_island_fort
D:12:     layout_loops_ring, enter_trove_6
D:13:     layout_cave_pools, grunt_vaults_entry_tiered,
          statue_in_the_mist_lemuel
Abyss:2:  base:
D:5

Skill      XL: |  1  2  3  4  5  6  7  8  9 10 11 12 |
---------------+-------------------------------------+-----
Fighting       | 4 5 6 7 8 |  8.0
Axes           | 4 5 6 7 9 12 13 15 18 20 | 20.1
Armour         | 4 8 10 | 10.0
Dodging        | 8 |  8.0

Action                   |  1- 3 |  4- 6 |  7- 9 | 10-12 || total
-------------------------+-------+-------+-------+-------++-------
Melee: Hand axe          |    96 |   122 |    54 |       ||   272
       Headbutt          |    12 |    21 |    49 |    64 ||   146
       War axe           |       |       |   151 |       ||   151
       Executioner's axe |       |       |     3 |   206 ||   209
       Battleaxe         |       |       |       |    68 ||    68
Invok: Berserk           |     2 |     1 |     8 |    11 ||    22
       Trog's Hand       |       |       |     1 |     6 ||     7
Evoke: Wand              |       |       |     2 |       ||     2
  Use: Potion            |       |       |     1 |     1 ||     2
       Scroll            |       |       |       |    21 ||    21
Armor: Animal skin       |     9 |       |       |       ||     9
       Ring mail         |     7 |       |       |       ||     7
       Scale mail        |     4 |    13 |       |       ||    17
       Chain mail        |       |    40 |    66 |       ||   106
       Plate armour      |       |       |    36 |   208 ||   244
Dodge: Dodged            |    61 |    49 |    71 |   116 ||   297
